 Dungeon Crawl Stone Soup version 0.20.1-1-g8b1a95d (console) character file.

385 Argmax the Cudgeler (level 6, -4/40 HPs)
             Began as a Gargoyle Monk on Oct 3, 2017.
             Killed by divine providence
             ... invoked by an orc priest
              (11 damage)
             ... on level 4 of the Dungeon.
             The game lasted 00:10:02 (3328 turns).

Argmax the Cudgeler (Gargoyle Monk)                 Turns: 3328, Time: 00:10:03

Health: -4/40      AC: 15    Str: 17    XL:     6   Next: 77%
Magic:  6/6        EV:  5    Int: 10    God:
Gold:   188        SH:  0    Dex: 12    Spells: 5/5 levels left

rFire    . . .     SeeInvis .   a - +0 flail
rCold    . . .     Gourm    .   (no shield)
rNeg     + . .     Faith    .   j - +0 plate armour
rPois    ∞         Spirit   .   (no helmet)
rElec    +         Reflect  .   m - +0 cloak
rCorr    .         Harm     .   (no gloves)
MR       .....                  (no boots)
Stlth    ..........             (no amulet)
Regen    0.2/turn               (no ring)
MPRegen  0.1/turn               (no ring)

@: no status effects
A: negative energy resistance 1, electricity resistance, unbreathing,
petrification resistance, rot immunity, AC +4
a: no special abilities


You were on level 4 of the Dungeon.
You were not hungry.

You visited 1 branch of the dungeon, and saw 4 of its levels.

You collected 188 gold pieces.

Inventory:

Hand Weapons
 a - a +0 flail (weapon)
Armour
 j - a +0 plate armour (worn)
 m - a +0 cloak (worn)
 p - the +1 helmet of a volcano {rElec Int+3, unknown}
   (You took it off Robin on level 2 of the Dungeon)

   It affects your intelligence (+3).
   It insulates you from electricity.
Wands
 n - a wand of polymorph (12/24)
Scrolls
 b - a scroll of enchant weapon {unknown}
 e - 3 scrolls of remove curse {unknown}
 f - 3 scrolls of identify {unknown}
 h - 4 scrolls of teleportation {unknown}
 k - a scroll of blinking {unknown}
 l - a scroll of recharging {unknown}
Potions
 g - a potion of mutation {unknown}
 i - a potion of curing {unknown}
 o - 2 potions of ambrosia {unknown}
 q - a potion of agility {unknown}
 r - a potion of might {unknown}
Comestibles
 c - 3 bread rations
 d - 2 meat rations


   Skills:
 + Level 5.4 Fighting
 * Level 6.2 Maces & Flails
 - Level 2.4 Dodging
 - Level 2.1 Stealth


You had 5 spell levels left.
You didn't know any spells.

Dungeon Overview and Level Annotations

Branches:
Dungeon (4/15)
 Temple: D:4-7

Altars:
Ashenzari
Hepliaklqana
Trog
Uskayaw
Vehumet

Annotations:
D:2 exclusion: downstairs


Innate Abilities, Weirdness & Mutations

You are resistant to torment.
Your stone body is resilient. (AC +4)
You are immune to poison.
You resist negative energy. (rN+)
You are resistant to electric shocks. (rElec)
You can survive without breathing.
You are immune to petrification.
You are immune to rotting.


Message History

You hit the orc priest but do no damage.
The orc priest invokes the aid of Beogh against you.
Pain shoots through your body!
You sock the orc priest!
The orc priest is heavily wounded.
The orc barely misses you.
The orc priest calls down the wrath of Beogh upon you.
Pain shoots through your body!
* * * LOW HITPOINT WARNING * * *
You hit the orc priest.
The orc priest is severely wounded.
The orc hits you.
* * * LOW HITPOINT WARNING * * *
The orc priest casts a cantrip, but nothing happens.
You hit the orc priest.
The orc priest is severely wounded.
The orc hits you but does no damage.
The orc priest calls down the wrath of Beogh upon you.
Beogh smites you!
You die...

####### ........#
###........#### #
....).........#..#
#...............#
#...........#...##
#.................
##.........o#
........(.@##
#...<..o#
#.####........%
#..#..^....
#.........o.
.............
....##..#.....
#.... .#####.#
#.... .. ##


You could see an orc priest and an orc.

Vanquished Creatures
  Sigmund (D:3)
  A phantom (D:3)
  Robin (D:2)
  2 adders
  3 worms
  A dart slug (D:2)
  5 leopard geckos
  3 giant cockroaches
  15 goblins
  13 hobgoblins
  7 jackals
  3 kobolds
  3 quokkas
  7 bats
  3 frilled lizards
  7 rats
75 creatures vanquished.

Notes
Turn   | Place    | Note
-------+----------+-------------------------------------------
     0 | D:1      | Argmax the Gargoyle Monk began the quest for the Orb.
     0 | D:1      | Reached XP level 1. HP: 14/14 MP: 1/1
   359 | D:1      | Reached XP level 2. HP: 14/19 MP: 2/2
  1151 | D:2      | Reached XP level 3. HP: 20/24 MP: 3/3
  1415 | D:2      | Reached skill level 4 in Maces & Flails
  1828 | D:2      | Reached XP level 4. HP: 29/29 MP: 4/4
  1892 | D:3      | Noticed Robin
  2038 | D:2      | Killed Robin
  2043 | D:2      | Got a warped helmet
  2204 | D:3      | Found a radiant altar of Vehumet.
  2445 | D:3      | Reached XP level 5. HP: 26/34 MP: 5/5
  2554 | D:3      | Found a hide-covered altar of Uskayaw.
  2557 | D:3      | Found a shattered altar of Ashenzari.
  2560 | D:3      | Found a hazy altar of Hepliaklqana.
  2563 | D:3      | Found a bloodstained altar of Trog.
  2712 | D:3      | Noticed Sigmund
  2900 | D:3      | Killed Sigmund
  2900 | D:3      | Reached skill level 5 in Fighting
  2900 | D:3      | Reached skill level 5 in Maces & Flails
  2900 | D:3      | Reached XP level 6. HP: 18/40 MP: 6/6
  3216 | D:3      | Noticed a phantom
  3266 | D:3      | Killed a phantom
  3266 | D:3      | Reached skill level 6 in Maces & Flails
  3328 | D:4      | Killed from afar by an orc priest

Skill      XL: |  1  2  3  4  5  6 |
---------------+-------------------+-----
Maces & Flails | 4 5 6 |  6.2
Fighting       | 4 5 |  5.4
Dodging        | |  2.4
Stealth        | |  2.1

Action                   |  1- 3 |  4- 6 || total
-------------------------+-------+-------++-------
Melee: Mace              |   141 |       ||   141
       Flail             |    23 |   179 ||   202
  Eat: Chunk             |     3 |     5 ||     8
Armor: Robe              |     7 |       ||     7
       Plate armour      |   154 |   164 ||   318
       Ring mail         |     6 |       ||     6
Dodge: Dodged            |    82 |    59 ||   141
